 Dungeon Crawl Stone Soup version 0.28.0-53-g5a82cb258f (webtiles) character file.

Game seed: 11967523054372076741

562 MiltankisOP the Reanimator (level 7, -6/38 HPs)
             Began as a Deep Elf Necromancer on June 17, 2022.
             Mangled by a phantom (8 damage)
             ... on level 5 of the Dungeon.
             The game lasted 00:10:44 (5430 turns).

MiltankisOP the Reanimator (Deep Elf Necromancer)   Turns: 5430, Time: 00:10:45

Health: -6/38      AC:  3    Str: 14    XL:     7   Next: 10%
Magic:  13/13      EV: 12    Int: 22    God:
Gold:   117        SH:  5    Dex: 15    Spells: 3/12 levels left

rFire   . . .      SeeInvis .   w - +4 club
rCold   . . .      Faith    .   (no shield)
rNeg    + . .      Spirit   .   m - +1 robe of Yfeus {rN+ Str+9}
rPois   .          Reflect  +   (no helmet)
rElec   .          Harm     .   (no cloak)
rCorr   .          Rampage  .   (no gloves)
Will    .....                   (no boots)
Stlth   ++........              h - amulet of reflection
HPRegen 0.12/turn               c - ring of wizardry
MPRegen 0.13/turn               (no ring)

@: no status effects
A: no striking features
a: no special abilities


You were on level 5 of the Dungeon.
You visited 1 branch of the dungeon, and saw 5 of its levels.

You collected 117 gold pieces.

Inventory:

Hand Weapons
 w - a +4 club (weapon)
Armour
 a - a +0 robe
 d - a scarf of invisibility
 m - the +1 robe of Yfeus (worn) {rN+ Str+9}
   (You found it on level 2 of the Dungeon)

   Str:       It affects your strength (+9).
   rN:        It protects you from negative energy.
Jewellery
 c - a ring of wizardry (left hand)
 h - an amulet of reflection (around neck)
Scrolls
 b - a scroll of acquirement {unknown}
 f - a scroll of noise {unknown}
 g - 2 scrolls of enchant weapon {unknown}
 i - 3 scrolls of vulnerability {unknown}
 j - 2 scrolls of teleportation {unknown}
 k - a scroll of identify {unknown}
 n - a scroll of holy word {unknown}
 p - a scroll of immolation {unknown}
 r - 2 scrolls of amnesia {unknown}
 u - a scroll of fear {unknown}
Potions
 e - a potion of magic {unknown}
 l - a potion of might {unknown}
 o - 2 potions of heal wounds {unknown}
 q - a potion of experience {unknown}
 s - a potion of haste {unknown}
 t - a potion of attraction {unknown}
 v - 2 potions of degeneration {unknown}
 x - a potion of curing {unknown}


   Skills:
 + Level 1.5 Fighting
 - Level 2.4 Dodging
 - Level 2.4 Stealth
 - Level 3.0 Spellcasting
 + Level 0.0 Summonings
 - Level 10.0 Necromancy


You had 3 spell levels left.
You knew the following spells:

 Your Spells              Type           Power      Damage    Failure   Level
a - Pain                  Necr           100%       1d9       1%          1
b - Animate Skeleton      Necr           94%        N/A       1%          1
c - Vampiric Draining     Necr           47%        2d9       1%          3
d - Animate Dead          Necr           23%        N/A       1%          4

Your spell library contained the following spells:

 Spells                   Type           Power      Damage    Failure   Level
 Summon Small Mammal      Summ           12%        N/A       4%          1
 Call Canine Familiar     Summ           3%         N/A       16%         3
 Gell's Gravitas          Tloc           3%         N/A       16%         3
 Lesser Beckoning         Tloc           3%         N/A       16%         3
 Summon Guardian Golem    Hex/Summ       3%         N/A       16%         3
 Teleport Other           Tloc           3%         N/A       16%         3
 Agony                    Necr           47%        N/A       2%          5


Dungeon Overview and Level Annotations

Branches:
Dungeon (5/15)
 Temple: D:4-7

Altars:
Ashenzari
Gozag
Ru
The Shining One

Annotations:
D:4 Grinder


Message History

The phantom is heavily damaged.
The phantom hits you.
The phantom blinks!
You blink.
The phantom hits you.
The phantom blinks!
You blink.
You hit the phantom but do no damage.
The phantom is heavily damaged.
The phantom barely misses you.
You closely miss the phantom.
The phantom is heavily damaged.
The phantom closely misses you.
You hit the phantom.
The phantom is heavily damaged.
The phantom hits you.
The phantom blinks!
You blink.
The phantom hits you.
You miss the phantom.
The phantom is heavily damaged.
The phantom hits you but does no damage.
You barely miss the phantom.
The phantom is heavily damaged.
The phantom completely misses you.
You closely miss the phantom.
The phantom is heavily damaged.
The phantom hits you.
You barely miss the phantom.
The phantom is heavily damaged.
The phantom hits you.
The phantom blinks!
You blink.
The phantom hits you.
* * * LOW HITPOINT WARNING * * *
You hit the phantom.
The phantom is severely damaged.
The phantom misses you.
You barely miss the phantom.
The phantom is severely damaged.
The phantom closely misses you.
You hit the phantom.
The phantom is severely damaged.
The phantom hits you.
* * * LOW HITPOINT WARNING * * *
The phantom blinks!
You blink.
The phantom barely misses you.
You hit the phantom. You punch the phantom.
The phantom is almost destroyed.
The phantom hits you!
You die...

######## ####
#......#### ...
#.....@...########§####
+....W........§§.§...o.
#.§....(..############.
#.§<....### ###.##.##.#
#...[..##.#
...#.#..##.#
....#.......# ...
#########


You could see a phantom.

Vanquished Creatures
  Sigmund (D:3)
  Blork the orc (D:4)
  A scorpion (D:4)
  A water moccasin skeleton (D:4)
  A hound (D:4)
  Jessica (D:3)
  An iguana (D:4)
  Natasha (twice) (D:3)
  2 adders (D:2)
  2 worms
  An orc (D:3)
  8 ball pythons
  7 bats
  8 endoplasms
  A giant cockroach (D:3)
  9 goblins
  6 hobgoblins
  15 jackals
  6 quokkas
  3 frilled lizards
  A kobold (D:1)
  7 rats
85 creatures vanquished.

Notes
Turn   | Place    | Note
-------+----------+-------------------------------------------
     0 | D:1      | MiltankisOP the Deep Elf Necromancer began the quest for
                  | the Orb.
     0 | D:1      | Reached XP level 1. HP: 10/10 MP: 6/6
    29 | D:1      | Reached skill level 5 in Necromancy
   371 | D:1      | Reached XP level 2. HP: 12/15 MP: 5/8
   954 | D:1      | Reached skill level 6 in Necromancy
   966 | D:1      | Reached XP level 3. HP: 3/19 MP: 2/9
  2377 | D:2      | Learned a level 1 spell: Animate Skeleton
  2381 | D:2      | Learned a level 3 spell: Vampiric Draining
  2399 | D:2      | Reached XP level 4. HP: 17/24 MP: 3/10
  2567 | D:2      | Identified the +1 robe of Yfeus {rN+ Str+9}
  2685 | D:2      | You fall into a shaft and drop 2 floors!
  2686 | D:4      | Noticed Blork the orc
  2688 | D:4      | Noticed a scorpion
  2692 | D:4      | Killed a scorpion
  2693 | D:4      | Reached skill level 7 in Necromancy
  2965 | D:2      | Found a faded altar of an unknown god.
  2987 | D:2      | Reached XP level 5. HP: 27/28 MP: 9/11
  3275 | D:3      | Noticed Sigmund
  3286 | D:3      | Killed Sigmund
  3287 | D:3      | Reached skill level 8 in Necromancy
  3287 | D:3      | Reached XP level 6. HP: 4/32 MP: 4/12
  3341 | D:3      | Reached skill level 9 in Necromancy
  3628 | D:3      | Found an opulent altar of Gozag.
  4007 | D:3      | Noticed Jessica
  4011 | D:3      | Killed Jessica
  4011 | D:3      | Noticed Natasha
  4014 | D:3      | Killed Natasha
  4300 | D:3      | Noticed Natasha
  4312 | D:3      | Found a sacrificial altar of Ru.
  4313 | D:3      | Found a glowing golden altar of the Shining One.
  4318 | D:3      | Found a broken altar of Ashenzari.
  4338 | D:3      | Killed Natasha
  4344 | D:3      | Learned a level 4 spell: Animate Dead
  4596 | D:4      | Killed Blork the orc
  4600 | D:4      | Reached skill level 10 in Necromancy
  4890 | D:4      | Reached XP level 7. HP: 32/37 MP: 7/13
  5002 | D:4      | Reached skill level 1 in Fighting
  5298 | D:4      | Noticed Grinder
  5368 | D:4      | Paralysed by Grinder for 2 turns
  5385 | D:5      | Entered Level 5 of the Dungeon
  5430 | D:5      | Mangled by a phantom

Illustrated notes

Levels and vault maps discovered:
D:1:      onia_arrival_mini_spirals, layout_basic, minmay_misc_feat_alley
D:2:      layout_rooms, ebering_ecumenical_altar_rust
D:3:      layout_basic, mainiacjoe_overflow_alcove_3, kennysheep_generic_room_9,
          uniq_jessica, uniq_sigmund, uniq_natasha
D:4:      minmay_clustersquares, layout_gridville, minmay_increasing_density,
          uniq_pikel, uniq_grinder, uniq_blork_the_orc
D:5:      layout_basic, minmay_manual_moon, uniq_prince_ribbit1

Skill      XL: |  1  2  3  4  5  6  7 |
---------------+----------------------+-----
Necromancy     | 5 6 7 8 10 | 10.0
Fighting       | 1 |  1.5
Dodging        | |  2.4
Stealth        | |  2.4
Spellcasting   | |  3.0

Action                   |  1- 3 |  4- 6 |  7- 9 || total
-------------------------+-------+-------+-------++-------
Melee: Club              |       |       |    32 ||    32
       Punch             |       |       |     2 ||     2
 Cast: Pain              |    90 |    89 |     2 ||   181
       Animate Skeleton  |       |     2 |       ||     2
Armor: Robe              |     1 |     7 |     5 ||    13
Dodge: Dodged            |    10 |    16 |    13 ||    39
Block: Other             |     1 |     9 |     5 ||    15
